Map: Darkness Sanctuary LE

Players

Dolan - Winner!

  • Race: Terran Terran
  • Spawn Location: 1:00

SieGe

  • Race: Terran Terran
  • Spawn Location: 7:00

Event: WCS Austin 2018

VOD

Have the link to the VOD?

Description

Time

  • Played on: June 1, 2018, 2:09 p.m.
  • Length: 5:24

All games in this series

Show
View Real Time Build Order
Export as new Build Order

Dolan Terran - Winner!

Build Orders: 1/1/1, Cyclone Opening 

Get SALT Encoding   

  12  0:00  SCV  
  13  0:12  SCV  
  14  0:17  Supply Depot  
  14  0:24  SCV  
  14  0:28  Refinery  
  15  0:39  SCV  
  16  0:45  Barracks  
  16  0:51  SCV  
  16  0:55  Refinery  
  17  1:03  SCV  
  18  1:15  SCV  
  19  1:31  Orbital Command  
  19  1:32  Reaper  
  20  1:38  Factory  
  20  1:54  Supply Depot  
  20  1:57  SCV  
  21  2:04  Reaper  
  22  2:09  SCV  
  23  2:22  Cyclone  
  27  2:25  Starport  
  26  2:30  SCV  
  27  2:37  Supply Depot, Barracks Tech Lab  
  27  2:47  SCV  
  28  2:55  Cyclone  
  31  2:59  SCV  
  31  3:02  Supply Depot  
  32  3:16  Banshee  
  35  3:25  SCV  
  36  3:27  Cyclone  
  39  3:37  SCV  
  40  3:48  Command Center  
  40  3:51  SCV  
  40  3:53  Supply Depot  
  41  4:01  Raven  
  41  4:02  Factory Tech Lab  
  43  4:10  Barracks Reactor, SCV  
  44  4:17  Supply Depot  
  44  4:22  SCV  
  45  4:41  SCV  
  45  4:45  Siege Tank  
  46  4:53  Marine x2, SCV  
  46  4:54  Viking  
  51  5:11  SCV  
  53  5:22  Command Center  
Show
View Real Time Build Order
Export as new Build Order

SieGe Terran 

Build Orders: Reaper Expand 

Get SALT Encoding   

  12  0:01  SCV  
  13  0:13  SCV  
  14  0:17  Supply Depot  
  14  0:25  SCV  
  15  0:31  Refinery  
  15  0:38  SCV  
  16  0:45  Barracks  
  16  0:51  SCV  
  17  1:03  SCV  
  18  1:15  SCV  
  19  1:31  Orbital Command  
  19  1:33  Reaper  
  20  1:46  Command Center  
  20  1:57  Factory  
  20  2:01  SCV  
  20  2:17  Barracks Reactor, SCV  
  21  2:25  Supply Depot  
  21  2:30  SCV  
  22  2:43  SCV  
  24  2:54  Starport  
  24  2:55  SCV  
  23  3:00  Orbital Command  
  23  3:04  Hellion x2, Barracks Tech Lab  
  27  3:07  SCV  
  28  3:19  SCV  
  28  3:25  Hellion x2  
  30  3:31  SCV  
  30  3:34  Starport Reactor  
  31  3:36  SCV  
  32  3:44  SCV  
  33  3:52  Marauder  
  33  3:53  Bunker  
  33  3:54  Starport Reactor  
  35  3:57  SCV  
  35  3:58  Medivac  
  35  4:02  SCV  
  39  4:07  Supply Depot  
  39  4:08  Hellion  
  41  4:15  Marauder  
  43  4:17  SCV  
  43  4:20  Hellion  
  46  4:29  SCV x2  
  48  4:41  SCV  
  43  4:52  Cyclone  
  41  4:53  SCV  
  41  4:57  Engineering Bay  
  34  5:09  SCV  
Tags
 
Add a new tag
Caveats
  • Supply blocks, unpowered buildings, or Contaminate may cause inaccurate times.
  • Supply counts are checked every 10 seconds.